SNL (28 & UNDER)
SALEM SILVER SOULS @ SANTA FE DIABLOS
05/08/2024
 
TOP OF THE 1ST
Salem Silver Souls batting - Pitching for Santa Fe Diablos : RHP Darryl Carter
Pitching: RHP Darryl Carter
Batting: RHB Félix García 0-0: Ground out 2-3 (Groundball, 2L)
Batting: LHB Jeff Doss 0-0: Swinging Strike
0-1: Fly out, F6 (Popup, 78S)
Batting: RHB Juan Vareas 0-0: Called Strike
0-1: DOUBLE (Flyball, 78D) - OUT at third base trying to stretch hit.
Top of the 1st over - 0 run(s), 1 hit(s), 0 error(s), 0 left on base; Salem 0 - Santa Fe 0
BOTTOM OF THE 1ST
Santa Fe Diablos batting - Pitching for Salem Silver Souls : RHP Manuel Fuentes
Pitching: RHP Manuel Fuentes
Batting: RHB Emílio Bruno 0-0: Called Strike
0-1: Ball
1-1: Ball
2-1: Foul Ball, location: 2F
2-2: Foul Ball, location: 2F
2-2: Strikes out swinging
Batting: RHB Ánibal Gonzáles 0-0: Foul Ball, location: 2F
0-1: Ball
1-1: Ball
2-1: Called Strike
2-2: Ground out 4-3 (Groundball, 4)
Batting: RHB Wallace Greene 0-0: Ball
1-0: Called Strike
1-1: Fly out, F7 (Flyball, 7LS)
Bottom of the 1st over - 0 run(s), 0 hit(s), 0 error(s), 0 left on base; Salem 0 - Santa Fe 0
TOP OF THE 2ND
Salem Silver Souls batting - Pitching for Santa Fe Diablos : RHP Darryl Carter
Batting: LHB Raúl Cordero 0-0: Foul Ball, location: 2F
0-1: Foul Ball, location: 2F
0-2: Ball
1-2: Strikes out swinging
Batting: LHB Ezechiele Bruno 0-0: Ball
1-0: Ball
2-0: Called Strike
2-1: Foul Ball, location: 2F
2-2: Strikes out swinging
Batting: LHB Jermaine Carter 0-0: Ball
1-0: Ball
2-0: Fly out, F7 (Flyball, 78M)
Top of the 2nd over - 0 run(s), 0 hit(s), 0 error(s), 0 left on base; Salem 0 - Santa Fe 0
BOTTOM OF THE 2ND
Santa Fe Diablos batting - Pitching for Salem Silver Souls : RHP Manuel Fuentes
Batting: SHB António Hernández 0-0: Ball
1-0: Called Strike
1-1: Ball
2-1: Fly out, F7 (Flyball, 78S)
Batting: LHB Don Soper 0-0: Called Strike
0-1: Ball
1-1: Ball
2-1: Ball
3-1: Foul Ball, location: 2F
3-2: Ground out 3-1 (Groundball, 34S)
Batting: RHB Bill Finley 0-0: Called Strike
0-1: Called Strike
0-2: Ball
1-2: Strikes out looking
Bottom of the 2nd over - 0 run(s), 0 hit(s), 0 error(s), 0 left on base; Salem 0 - Santa Fe 0
TOP OF THE 3RD
Salem Silver Souls batting - Pitching for Santa Fe Diablos : RHP Darryl Carter
Batting: RHB Jesús Gutiérrez 0-0: Swinging Strike
0-1: Ball
1-1: Ground out 5-3 (Groundball, 56)
Batting: RHB Alejandro Martínez 0-0: Ground out 6-3 (Groundball, 6)
Batting: SHB Francis Shaffer 0-0: Called Strike
0-1: Ball
1-1: Ball
2-1: Called Strike
2-2: Fly out, F7 (Flyball, 7S)
Top of the 3rd over - 0 run(s), 0 hit(s), 0 error(s), 0 left on base; Salem 0 - Santa Fe 0
BOTTOM OF THE 3RD
Santa Fe Diablos batting - Pitching for Salem Silver Souls : RHP Manuel Fuentes
Batting: SHB George Adams 0-0: Foul Ball, location: 2F
0-1: Fly out, F8 (Flyball, 8RM)
Batting: RHB Ray Davis 0-0: Called Strike
0-1: Called Strike
0-2: Strikes out swinging
Batting: RHB Keith Jones 0-0: Foul Ball, location: 2F
0-1: Ball
1-1: Called Strike
1-2: Foul Ball, location: 2F
1-2: Foul Ball, location: 2F
1-2: Strikes out swinging
Bottom of the 3rd over - 0 run(s), 0 hit(s), 0 error(s), 0 left on base; Salem 0 - Santa Fe 0
TOP OF THE 4TH
Salem Silver Souls batting - Pitching for Santa Fe Diablos : RHP Darryl Carter
Batting: RHB Félix García 0-0: Swinging Strike
0-1: Ball
1-1: Swinging Strike
1-2: Foul Ball, location: 2F
1-2: Ground out 5-3 (Groundball, 5S)
Batting: LHB Jeff Doss 0-0: Ball
1-0: Ball
2-0: Foul Ball, location: 2F
2-1: Ball
3-1: Ground out 4-3 (Groundball, 34D)
Batting: RHB Juan Vareas 0-0: Foul Ball, location: 2F
0-1: Called Strike
0-2: Ball
1-2: Foul Ball, location: 2F
1-2: Foul Ball, location: 2F
1-2: Ball
2-2: SINGLE (Line Drive, 56)
Batting: LHB Raúl Cordero 0-0: Ball
1-0: Ball
2-0: Called Strike
2-1: Ball
3-1: Called Strike
3-2: Strikes out swinging
Top of the 4th over - 0 run(s), 1 hit(s), 0 error(s), 1 left on base; Salem 0 - Santa Fe 0
BOTTOM OF THE 4TH
Santa Fe Diablos batting - Pitching for Salem Silver Souls : RHP Manuel Fuentes
Batting: RHB Emílio Bruno 0-0: Ball
1-0: Ball
2-0: Called Strike
2-1: Foul Ball, location: 2F
2-2: Foul Ball, location: 2F
2-2: Strikes out swinging
Batting: RHB Ánibal Gonzáles 0-0: Called Strike
0-1: Called Strike
0-2: Ball
1-2: Ball
2-2: SOLO HOME RUN (Flyball, 7D), Distance : 365 ft
Batting: RHB Wallace Greene 0-0: Ball
1-0: Ball
2-0: Called Strike
2-1: Ball
3-1: Base on Balls
Batting: SHB António Hernández 0-0: Grounds into double play, 4-6-3 (Groundball, 4)
Bottom of the 4th over - 1 run(s), 1 hit(s), 0 error(s), 0 left on base; Salem 0 - Santa Fe 1
TOP OF THE 5TH
Salem Silver Souls batting - Pitching for Santa Fe Diablos : RHP Darryl Carter
Batting: LHB Ezechiele Bruno 0-0: DOUBLE (Groundball, 5D)
Batting: LHB Jermaine Carter 0-0: Ball
1-0: Swinging Strike
1-1: Swinging Strike
1-2: Ball
2-2: Ball
3-2: Foul Ball, location: 2F
3-2: Reached on error, E4 (Groundball, 4)
Ezechiele Bruno to third
Batting: RHB Jesús Gutiérrez 0-0: Ball
Throwing error on steal attempt, E2
Ezechiele Bruno scores
Jermaine Carter to third
1-0: Ball
2-0: Called Strike
2-1: Ball
3-1: Fly out, F8 (Flyball, 8RM)
Runner from 3rd tags up, SCORES, no throw
Batting: RHB Alejandro Martínez 0-0: Foul Ball, location: 2F
0-1: Called Strike
0-2: Fly out, F6 (Popup, 4M)
Batting: SHB Francis Shaffer 0-0: Ball
1-0: Ball
2-0: Fly out, F8 (Flyball, 8LD)
Top of the 5th over - 2 run(s), 1 hit(s), 2 error(s), 0 left on base; Salem 2 - Santa Fe 1
BOTTOM OF THE 5TH
Santa Fe Diablos batting - Pitching for Salem Silver Souls : RHP Manuel Fuentes
Batting: LHB Don Soper 0-0: Ball
1-0: Ball
2-0: Ball
3-0: DOUBLE (Line Drive, 9LM)
Batting: RHB Bill Finley 0-0: Ground out 6-3 (Groundball, 6)
Batting: SHB George Adams 0-0: Fly out, F9 (Flyball, 89S)
Batting: RHB Ray Davis 0-0: Swinging Strike
0-1: Foul Ball, location: 2F
0-2: Ball
1-2: Ball
2-2: Ground out 5-3 (Groundball, 15S)
Bottom of the 5th over - 0 run(s), 1 hit(s), 0 error(s), 1 left on base; Salem 2 - Santa Fe 1
TOP OF THE 6TH
Salem Silver Souls batting - Pitching for Santa Fe Diablos : RHP Darryl Carter
Batting: RHB Félix García 0-0: Called Strike
0-1: Foul Ball, location: 2F
0-2: Foul Ball, location: 2F
0-2: Ball
1-2: Strikes out looking
Batting: LHB Jeff Doss 0-0: Foul Ball, location: 2F
0-1: Ball
1-1: Ball
2-1: SINGLE (Line Drive, 8RS)
Batting: RHB Juan Vareas 0-0: Swinging Strike
0-1: Called Strike
0-2: Foul Ball, location: 2F
0-2: Ball
1-2: Foul Ball, location: 2F
1-2: Ball
2-2: Foul Ball, location: 2F
2-2: Foul Ball, location: 2F
2-2: Strikes out looking
Batting: LHB Raúl Cordero 0-0: Called Strike
Jeff Doss steals 2nd base
0-1: Ball
1-1: Swinging Strike
1-2: Foul Ball, location: 2F
1-2: Ball
Wild Pitch!
Jeff Doss to third
2-2: Ball
3-2: Foul Ball, location: 2F
3-2: Base on Balls
Batting: LHB Ezechiele Bruno 0-0: Called Strike
0-1: Reached on error, E4 (Groundball, 34)
Jeff Doss scores
Raúl Cordero to second
Pitching: LHP Columbo Briatori
Batting: LHB Jermaine Carter 0-0: Called Strike
0-1: Fielders Choice at 2nd, U4 (Groundball, 4M)
Top of the 6th over - 1 run(s), 1 hit(s), 1 error(s), 2 left on base; Salem 3 - Santa Fe 1
BOTTOM OF THE 6TH
Santa Fe Diablos batting - Pitching for Salem Silver Souls : RHP Manuel Fuentes
Batting: RHB Keith Jones 0-0: Called Strike
0-1: Swinging Strike
0-2: Strikes out looking
Batting: RHB Emílio Bruno 0-0: Foul Ball, location: 2F
0-1: SINGLE (Groundball, 56D)
Batting: RHB Ánibal Gonzáles 0-0: Ball
1-0: Called Strike
1-1: Fly out, F9 (Flyball, 89M)
Batting: RHB Wallace Greene 0-0: Ball
1-0: Ground out 1-3 (Groundball, 15S)
Bottom of the 6th over - 0 run(s), 1 hit(s), 0 error(s), 1 left on base; Salem 3 - Santa Fe 1
TOP OF THE 7TH
Salem Silver Souls batting - Pitching for Santa Fe Diablos : LHP Columbo Briatori
Pitching: RHP Troy Hawkins
Batting: RHB Jesús Gutiérrez 0-0: Swinging Strike
0-1: Ball
1-1: Ball
2-1: Swinging Strike
2-2: SINGLE (Groundball, 4MD)
Batting: RHB Alejandro Martínez 0-0: Sac Bunt - play at second, runner OUT -> throw to first, DP!
Batting: SHB Francis Shaffer 0-0: Called Strike
0-1: Called Strike
0-2: Ball
1-2: SINGLE (Line Drive, 56)
Batting: RHB Félix García 0-0: Ball
1-0: Fly out, F8 (Flyball, 78D)
Top of the 7th over - 0 run(s), 2 hit(s), 0 error(s), 1 left on base; Salem 3 - Santa Fe 1
BOTTOM OF THE 7TH
Santa Fe Diablos batting - Pitching for Salem Silver Souls : RHP Manuel Fuentes
Batting: SHB António Hernández 0-0: Swinging Strike
0-1: Ball
1-1: Ball
2-1: Ground out 3-1 (Groundball, 34S)
Batting: LHB Don Soper 0-0: Ball
1-0: Foul Ball, location: 2F
1-1: Ball
2-1: Foul Ball, location: 2F
2-2: Foul Ball, location: 2F
2-2: Ball
3-2: Strikes out swinging
Batting: RHB Bill Finley 0-0: Foul Ball, location: 2F
0-1: Ground out 5-3 (Groundball, 56)
Bottom of the 7th over - 0 run(s), 0 hit(s), 0 error(s), 0 left on base; Salem 3 - Santa Fe 1
TOP OF THE 8TH
Salem Silver Souls batting - Pitching for Santa Fe Diablos : RHP Troy Hawkins
Batting: LHB Jeff Doss 0-0: Called Strike
0-1: Hit by Pitch
Batting: RHB Juan Vareas 0-0: SINGLE (Line Drive, 34D)
Jeff Doss to second
Batting: LHB Raúl Cordero 0-0: Swinging Strike
0-1: Called Strike
0-2: Foul Ball, location: 2F
0-2: Strikes out swinging
Pinch Hitting: LHB Jeff McKinney 0-0: Swinging Strike
0-1: Foul Ball, location: 2F
0-2: Strikes out looking
Pinch Hitting: LHB Bill Smith 0-0: Ground out 4-3 (Groundball, 34)
Top of the 8th over - 0 run(s), 1 hit(s), 0 error(s), 2 left on base; Salem 3 - Santa Fe 1
BOTTOM OF THE 8TH
Santa Fe Diablos batting - Pitching for Salem Silver Souls : RHP Manuel Fuentes
Now in CF: Gustavo Pagán
Now in RF: Bill Smith
Batting: SHB George Adams 0-0: Ball
1-0: Foul Ball, location: 2F
1-1: Foul Ball, location: 2F
1-2: Foul Ball, location: 2F
1-2: TRIPLE (Flyball, 9LM)
Pitching: RHP Dave Woods
Batting: RHB Ray Davis 0-0: Called Strike
0-1: Ball
1-1: Fly out, F8 (Line Drive, 78S)
Batting: RHB Keith Jones 0-0: Called Strike
0-1: Ground out 6-3 (Groundball, 56)
George Adams scores
Batting: RHB Emílio Bruno 0-0: Called Strike
0-1: Fly out, F8 (Flyball, 8LXD)
Bottom of the 8th over - 1 run(s), 1 hit(s), 0 error(s), 0 left on base; Salem 3 - Santa Fe 2
TOP OF THE 9TH
Salem Silver Souls batting - Pitching for Santa Fe Diablos : RHP Troy Hawkins
Pitching: RHP Kenshin Kubota
Batting: RHB Jesús Gutiérrez 0-0: Called Strike
0-1: Foul Ball, location: 2F
0-2: Strikes out looking
Batting: RHB Alejandro Martínez 0-0: Ball
1-0: Ball
2-0: Foul Ball, location: 2F
2-1: Foul Ball, location: 2F
2-2: Strikes out swinging
Batting: SHB Francis Shaffer 0-0: Swinging Strike
0-1: Foul Ball, location: 2F
0-2: Strikes out swinging
Top of the 9th over - 0 run(s), 0 hit(s), 0 error(s), 0 left on base; Salem 3 - Santa Fe 2
BOTTOM OF THE 9TH
Santa Fe Diablos batting - Pitching for Salem Silver Souls : RHP Dave Woods
Pitching: RHP Javier Valenzuela
Pinch Hitting: RHB Júlio López 0-0: Foul Ball, location: 2F
0-1: Ball
1-1: Ball
2-1: Ball
3-1: Foul Ball, location: 2F
3-2: DOUBLE (Line Drive, 9LM)
Batting: RHB Wallace Greene 0-0: Ball
1-0: Ball
2-0: Called Strike
2-1: Foul Ball, location: 2F
2-2: Ball
3-2: Strikes out swinging
Batting: SHB António Hernández 0-0: Ball
1-0: Ball
2-0: Called Strike
2-1: Ball
3-1: Called Strike
3-2: Base on Balls
Batting: LHB Don Soper 0-0: Called Strike
0-1: Foul Ball, location: 2F
0-2: Strikes out swinging
Batting: RHB Bill Finley 0-0: Ball
1-0: Ball
2-0: Fielders Choice at 2nd, U4 (Groundball, 4M)
Bottom of the 9th over - 0 run(s), 1 hit(s), 0 error(s), 2 left on base; Salem 3 - Santa Fe 2
This league is powered by Out of the Park Baseball, the baseball management simulation game for PC, Mac and Linux
Saturday, April 9th, 2016 - OOTP Baseball 16.8 Build 38